 Dungeon Crawl Stone Soup version 0.25-a0-306-g3faca94 (webtiles) character file.

Game seed: 5068384530419659129, levelgen mode: deterministic

38 Birdy the Sneak (level 3, -8/36 HPs)
             Began as an Ogre Assassin on Dec 21, 2019.
             Mangled by Edmund
             ... wielding a +0 flail of protection
              (9 damage)
             ... on level 4 of the Dungeon.
             The game lasted 00:02:21 (364 turns).

Birdy the Sneak (Ogre Assassin)                      Turns: 364, Time: 00:02:22

Health: -8/36      AC:  4    Str: 15    XL:     3   Next: 43%
Magic:  3/3        EV:  9    Int: 12    God:
Gold:   10         SH:  0    Dex: 11    Spells: 2/2 levels left

rFire    . . .     SeeInvis .   a - +2 dagger
rCold    . . .     Gourm    .   (no shield)
rNeg     . . .     Faith    .   b - +0 robe
rPois    +         Spirit   .   (helmet restricted)
rElec    .         Reflect  .   c - +0 cloak
rCorr    .         Harm     .   (gloves unavailable)
MR       .....                  (boots unavailable)
Stlth    ++........             (no amulet)
HPRegen  0.12/turn              i - ring of flight
MPRegen  0.08/turn              (no ring)

@: no status effects
A: large, unfitting armour, poison resistance, tough skin 1
a: Evoke Flight


You were on level 4 of the Dungeon.
You were not hungry.

You visited 1 branch of the dungeon, and saw 5 of its levels.

You collected 10 gold pieces.

Inventory:

Hand Weapons
 a - a +2 dagger (weapon)
Missiles
 d - 3 poisoned darts (quivered)
Armour
 b - a +0 robe (worn)
 c - a +0 cloak (worn)
Jewellery
 i - a ring of flight (left hand)
 j - a +1 ring of protection {unknown}
Scrolls
 h - a scroll of identify {unknown}
Potions
 g - a potion of flight
Comestibles
 f - a ration


   Skills:
 - Level 2.6 Fighting
 - Level 1.7 Short Blades
 - Level 2.0 Throwing
 - Level 0.8 Dodging
 * Level 4.0 Stealth


You had 2 spell levels left.
You didn't know any spells.
Your spell library was empty.

Dungeon Overview and Level Annotations

Branches:
Dungeon (5/15)
 Temple: D:4-7

Altars:

Annotations:
D:4 Edmund


Innate Abilities, Weirdness & Mutations

You are too large for most types of armour.
You have tough skin. (AC +1)
Your system is resistant to poisons. (rPois)


Message History

The leopard gecko bites you.
* * * LOW HITPOINT WARNING * * *
You float gracefully downwards.
The leopard gecko bites you.
* * * LOW HITPOINT WARNING * * *
Okay, then.
You hit the leopard gecko.
The leopard gecko is heavily wounded.
The leopard gecko bites you.
* * * LOW HITPOINT WARNING * * *
You hit the leopard gecko.
You kill the leopard gecko!
Quiver which item? (- for none, * to show all) (? for menu, Esc to quit)
Quivering
e - a curare-tipped dart for throwing.
Throwing (i - inventory. (/) - cycle)
e - a curare-tipped dart (quivered)
Press: ? - help, Shift-Dir - straight line, f/p - Edmund
Aim: Edmund, wielding a +0 flail of protection and wearing a +0 scale mail of fire resistance (heavily wounded, poisoned)
You throw a curare-tipped dart.
The curare-tipped dart closely misses Edmund.
Edmund hits you with a +0 flail of protection!
You die...

.#......# #...#.#....###.#
........# #.............$#
........# #.######...#.#.##
.......(###................
.##.......(.####.#.....#.##
........###.#............#
..#.....#................#
..............@...#.......#
.#.........)..@..........#
.........................#
.
........................##
. ..####.#.###.#...#.#...#
. #.# #.#...............#
.###.# #.#....>#...#.....#
.#...# #.+.....#...#.#...#
.#...####.#........†....#
...............##.#.....#


You could see Edmund.

Vanquished Creatures
  A worker ant (D:4)
  An adder (D:4)
  A leopard gecko (D:4)
  An orc (D:4)
  A bat (D:1)
  A kobold (D:1)
6 creatures vanquished.

Notes
Turn   | Place    | Note
-------+----------+-------------------------------------------
     0 | D:1      | Birdy the Ogre Assassin began the quest for the Orb.
     0 | D:1      | Reached XP level 1. HP: 22/22 MP: 1/1
    54 | D:1      | Reached skill level 3 in Stealth
   127 | D:4      | Noticed a worker ant
   140 | D:4      | Killed a worker ant
   140 | D:4      | Reached XP level 2. HP: 29/29 MP: 2/2
   140 | D:4      | Reached XP level 3. HP: 36/36 MP: 3/3
   190 | D:4      | Noticed Edmund
   205 | D:5      | Entered Level 5 of the Dungeon
   222 | D:4      | Reached skill level 4 in Stealth
   336 | D:4      | Gained mutation: You are weak. (Str -2) [potion of
                  | mutation]
   336 | D:4      | Lost mutation: You are weak. (Str -2) [potion of mutation]
   336 | D:4      | Gained mutation: Your system is resistant to poisons.
                  | (rPois) [potion of mutation]
   358 | D:4      | HP: 1/36 [leopard gecko (2)]
   364 | D:4      | Mangled by Edmund

Levels and vault maps discovered:
D:1:      dpeg_arrival_subterranean_lakeside_camping, layout_loops_ring,
          grunt_decor_resistance, st_stairs_13
D:2:      layout_basic, serial_bayou, serial_bayou_lake_a, serial_bayou_pond_d,
          serial_bayou_shore_b, serial_bayou_shore_a
D:3:      kennysheep_slugbush, layout_basic,
          chequers_ecumenical_altar_simple_redux
D:4:      layout_basic, serial_shops, shop, nicolae_ru_path_of_blood,
          uniq_menkaure, uniq_edmund, uniq_robin
D:5:      layout_layer_cave, kennysheep_little_box, overflow_temple_1_default,
          lemuel_temple_firewalk_a, first_ration, gammafunk_ghost_hive,
          uniq_ijyb, uniq_grinder, uniq_pikel

Skill      XL: |  1  2  3 |
---------------+----------+-----
Stealth        | 3 4 |  4.0
Fighting       | |  2.6
Short Blades   | |  1.7
Throwing       | |  2.0
Dodging        | |  0.8

Action                   || total
-------------------------++-------
Melee: Dagger            ||    15
Throw: Dart              ||    13
  Use: Potion            ||     2
 Stab: Sleeping          ||     1
Dodge: Dodged            ||     8

Table legend:
 A = Non-vault XP
 B = Vault XP
 C = Vault XP percentage of total XP
 D = Non-vault monster count
 E = Vault monster count
 F = Vault count percentage of total count
                 A         B        C        D         E       F
            +---------+---------+-------+---------+---------+-------
      Total |      55 |       0 |   0.0 |       6 |       0 |   0.0
            +---------+---------+-------+---------+---------+-------
        D:1 |       3 |       0 |   0.0 |       2 |       0 |   0.0
        D:4 |      52 |       0 |   0.0 |       4 |       0 |   0.0
            +---------+---------+-------+---------+---------+-------
